 Dungeon Crawl Stone Soup version 0.30-a0-918-g0ff054e9dc (webtiles) character file.

Game seed: 5766013685975786530

1545 holysushi the Summoner (level 8, 0/33 HPs)
             Began as a Felid Summoner on Mar 21, 2023.
             Was an Initiate of Yredelemnul.
             Slain by a kobold brigand
             ... wielding a +0 dagger of electrocution
              (17 damage)
             ... on level 7 of the Dungeon.
             The game lasted 00:23:57 (9551 turns).

holysushi the Summoner (Felid Summoner)             Turns: 9551, Time: 00:23:57

Health: 0/33       AC:  6    Str:  4    XL:     8   Next: 56%
Magic:  1/15       EV: 25    Int: 18    God:    Yredelemnul [......]
Gold:   63         SH:  0    Dex: 17    Spells: 5/15 levels left
                                        Lives:  0   Deaths: 2

rFire   . . .      SeeInvis +      - Unarmed
rCold   . . .      Faith    .    (shield unavailable)
rNeg    . . .      Spirit   .    (body armour unavailable)
rPois   .          Reflect  .    (helmet unavailable)
rElec   .          Rampage  .    (cloak unavailable)
rCorr   .                        (gloves unavailable)
Will    +....                    (boots unavailable)
Stlth   ++++                     (no amulet)
HPRegen 0.25/turn                e - +5 ring of evasion
MPRegen 0.14/turn                b - ring "Xaatag" {AC+4 Stlth+}

@: quick
A: very small, claws 1, fangs 3, see invisible, speed 1, shaggy fur 2, stealthy
paws, no weapons or thrown items, no armour, multi-lived
a: Renounce Religion, Recall Undead Harvest


You were on level 7 of the Dungeon.
You worshipped Yredelemnul.
Yredelemnul was noncommittal.
You visited 2 branches of the dungeon, and saw 8 of its levels.

You collected 340 gold pieces.
You spent 277 gold pieces at shops.

Inventory:

Jewellery
 b - the ring "Xaatag" (right paw) {AC+4 Stlth+}
   (You found it on level 7 of the Dungeon)

   [ring of protection]

   AC:        It affects your AC (+4).
   Stlth:     It makes you more stealthy.
 c - a ring of flight
 e - a +5 ring of evasion (left paw)
 h - a ring of protection from fire
 y - a +6 ring of dexterity
 A - a ring of poison resistance
Wands
 o - a wand of flame (14)
 s - a wand of quicksilver (11)
Scrolls
 d - 2 scrolls of fear
 l - a scroll of magic mapping
 m - 2 scrolls of teleportation
 t - 2 scrolls of amnesia
 u - a scroll of summoning
 w - a scroll of immolation
Potions
 a - a potion of magic
 f - a potion of might
 g - a potion of degeneration
 i - 2 potions of attraction
 j - a potion of ambrosia
 k - a potion of haste
 p - a potion of brilliance
 q - a potion of invisibility


   Skills:
 - Level 2.0 Fighting
 + Level 5.4 Dodging
 - Level 4.0 Stealth
 - Level 2.0 Unarmed Combat
 - Level 4.0 Spellcasting
 + Level 10.6 Summonings
 - Level 2.0 Air Magic
 - Level 4.0 Invocations


You had 5 spell levels left.
You knew the following spells:

 Your Spells              Type           Power      Damage    Failure   Level
a - Summon Small Mammal   Summ           100%       N/A       1%          1
b - Call Imp              Summ           41%        N/A       1%          2
c - Call Canine Familiar  Summ           41%        N/A       1%          3
d - Summon Lightning Spi  Summ/Air       26%        N/A       11%         4

Your spell library contained the following spells:

 Spells                   Type           Power      Damage    Failure   Level
 Summon Guardian Golem    Hex/Summ       22%        N/A       4%          3
 Necrotise                Necr           12%        1d4       14%         1
 Static Discharge         Conj/Air       14%        2-3/arc   14%         2
 Sublimation of Blood     Necr           3%         N/A       22%         2
 Vhi's Electric Charge    Tloc/Air       14%        N/A       28%         3
 Vampiric Draining        Necr           3%         2d6       41%         3
 Petrify                  Tmut/Erth      3%         N/A       82%         4
 Arcjolt                  Conj/Air       3%         1d13      95%         5
 Plasma Beam              Fire/Air       3%         2x1d15    95%         5
 Agony                    Necr           3%         N/A       99%         5
 Irradiate                Conj/Tmut      1%         3d12      99%         5


Dungeon Overview and Level Annotations

Branches:
Dungeon (7/15) Zot: 26000  Temple (1/1) D:4 Zot: 5746

Altars:
Ashenzari
Dithmenos
Fedhas
Gozag
Hepliaklqana
Kikubaaqudgha
Makhleb
Nemelex Xobeh
Qazlal
Ru
Trog
Uskayaw
Wu Jian
Xom
Yredelemnul
Zin
The Shining One

Shops:
D:3 ?   D:4 *   D:7 ([

Annotations:
D:7 Pikel


Innate Abilities, Weirdness & Mutations

You have sharp claws.
You have razor-sharp teeth.
You have supernaturally acute eyesight. (SInv)
You cover ground quickly. (Speed+)
You are covered in thick fur. (AC +2)
Your paws help you pounce on unaware monsters.
You are incapable of wielding weapons or throwing items.
You cannot wear armour.
You gain extra lives every three experience levels.


Message History

You scratch the kobold brigand. Your claw misses the kobold brigand.
The kobold brigand is lightly wounded.
Your hound barely misses the kobold.
Your kobold zombie hits the wight but does no damage.
The kobold closely misses you.
The kobold brigand hits you with a +0 dagger of electrocution!
You scratch the kobold brigand.
The kobold brigand is moderately wounded.
Your hound closely misses the kobold.
The wight hits your kobold zombie with a +0 dagger!
The wight completely misses you.
The kobold hits you with a +0 short sword.
The kobold brigand hits you but does no damage.
Your hound closely misses the kobold.
You barely miss the kobold brigand.
The kobold brigand is moderately wounded.
Your hound bites the kobold.
The wight hits your kobold zombie with a +0 dagger.
Your kobold zombie is destroyed!
The kobold closely misses you. The wight barely misses you.
The kobold brigand hits you but does no damage.
You barely miss the kobold brigand.
The kobold brigand is moderately wounded.
Your hound bites the kobold.
The kobold dies!
The wight closely misses you.
The kobold brigand hits you but does no damage.
You scratch the kobold brigand.
The kobold brigand is heavily wounded.
Your lightning spire shoots out a bolt of lightning at the wight!
The bolt of electricity hits the wight!
The wight is destroyed!
The wight completely misses you.
The kobold brigand hits you with a +0 dagger of electrocution.
You swap places.
Your hound bites the kobold brigand.
The kobold brigand hits you with a +0 dagger of electrocution.
You are electrocuted!
Ouch! That really hurt!
You die...
Your body rises from the dead as a mindless zombie.

#....# ########.....###
###### #.#.#.#..
##.#.#.#.# ##
#######..#.#...# ...
#.......##.##..#
#..#####)########.###<#
#).....z.# #.##.h#
###.Kh).###### #.##...
###@∩8.....###.#..#.
#..)##..........##.
#....### ##.......####
...### #..###.....# ##
# #.###.# . #.# #.. #..
#.# ##. .....##.# ##
#..K....#


You could see a kobold brigand (ally target), a wight, a friendly lightning
spire (summoned) and a friendly hound (summoned).

Vanquished Creatures
  An orc warrior (D:4)
  A black bear (D:4)
  A bullfrog (D:6)
  A killer bee (D:6)
  A hound (D:6)
  An orc priest (D:6)
  An adder (D:4)
  A worm (D:2)
  A dart slug (D:1)
  5 orcs
  2 endoplasms
  2 giant cockroaches (D:2)
  5 goblins
  3 hobgoblins
  A jackal (D:2)
  2 quokkas (D:1)
  6 ball pythons
  2 bats
  4 frilled lizards
  4 kobolds
45 creatures vanquished.

Vanquished Creatures (collateral kills)
  A hornet (D:7)
  Grinder (D:5)
  An orc warrior (D:7)
  A black bear (D:7)
  2 ogres
  3 lemures (D:7)
  2 phantoms (D:5)
  2 bullfrogs
  A kobold brigand (D:7)
  A scorpion (D:4)
  6 wights
  5 killer bees
  2 howler monkeys (D:7)
  A jelly (D:5)
  2 hounds
  2 orc priests
  A gnoll bouda (D:5)
  2 iguanas
  2 sleepcaps (D:5)
  An orc wizard (D:6)
  5 gnolls
  4 adders
  A white imp (D:7)
  3 worms
  A dart slug (D:2)
  16 orcs
  5 bats
  2 endoplasms (D:3)
  3 giant cockroaches
  A goblin (D:1)
  A jackal (D:2)
  5 quokkas
  A ball python (D:3)
  A frilled lizard (D:1)
  7 kobolds
  A kobold zombie (D:7)
  4 rats
100 creatures vanquished.

Vanquished Creatures (others)
  A hornet zombie (D:7)
  A black bear zombie (D:7)
  A bullfrog zombie (D:6)
  A gnoll zombie (D:5)
  4 kobold zombies
  5 orc zombies
13 creatures vanquished.

Grand Total: 158 creatures vanquished

Notes
Turn   | Place    | Note
-------+----------+-------------------------------------------
     0 | D:1      | holysushi the Felid Summoner began the quest for the Orb.
     0 | D:1      | Reached XP level 1. HP: 7/7 MP: 4/4
   131 | D:1      | Reached XP level 2. HP: 8/11 MP: 3/6
   808 | D:2      | Reached skill level 5 in Summonings
   842 | D:2      | Reached XP level 3. HP: 14/14 MP: 7/7
  1412 | D:2      | Learned a level 2 spell: Call Imp
  1416 | D:2      | Learned a level 3 spell: Call Canine Familiar
  1942 | D:3      | Found The Oracle's Delphic Readings.
  1959 | D:3      | Bought a scroll of teleportation for 30 gold pieces
  2163 | D:3      | Reached XP level 4. HP: 18/18 MP: 5/8
  2165 | D:3      | Reached skill level 1 in Fighting
  2165 | D:3      | Reached skill level 1 in Unarmed Combat
  2640 | D:4      | Noticed a black bear
  2658 | D:4      | Killed a black bear
  2659 | D:4      | Reached XP level 5. HP: 19/22 MP: 2/9
  2814 | D:4      | Noticed an ogre
  2817 | D:4      | Found a staircase to the Ecumenical Temple.
  2819 | D:4      | Noticed an orc warrior
  2893 | D:4      | Killed an ogre
  2894 | D:4      | Reached skill level 6 in Summonings
  2894 | D:4      | Gained mutation: You are covered in thick fur. (AC +2)
                  | [Felid growth]
  2894 | D:4      | Reached XP level 6. HP: 26/26 MP: 0/10
  3072 | D:4      | Found Rytzery's General Store.
  3078 | D:4      | Bought a potion of invisibility for 104 gold pieces
  3089 | Temple   | Entered the Ecumenical Temple
  3388 | Temple   | Became a worshipper of Yredelemnul the Dark
  3827 | D:4      | Killed an orc warrior
  3950 | D:4      | Succumbed to a scorpion's poison
  3951 | D:4      | Reached XP level 5. HP: 0/22 MP: 8/10
  4083 | D:4      | Reached XP level 6. HP: 26/26 MP: 5/12
  4086 | D:4      | Reached * piety under Yredelemnul
  4311 | D:5      | Entered Level 5 of the Dungeon
  4366 | D:5      | Noticed Grinder
  4369 | D:5      | Paralysed by Grinder for 2 turns
  4546 | D:5      | Reached skill level 1 in Invocations
  4878 | D:5      | Reached XP level 7. HP: 30/30 MP: 11/14
  5063 | D:5      | Found a glowing golden altar of the Shining One.
  5218 | D:5      | Killed Grinder
  5219 | D:5      | Reached skill level 7 in Summonings
  5343 | D:5      | Reached skill level 8 in Summonings
  5348 | D:5      | Reached ** piety under Yredelemnul
  6120 | D:6      | Found a broken altar of Ashenzari.
  6133 | D:6      | Reached XP level 8. HP: 33/33 MP: 12/15
  6389 | D:6      | Reached skill level 9 in Summonings
  6522 | D:6      | Found a sparkling altar of Nemelex Xobeh.
  6764 | D:6      | Learned a level 4 spell: Summon Lightning Spire
  6835 | D:7      | Reached skill level 1 in Air Magic
  6954 | D:7      | Noticed Pikel
  7359 | D:7      | Noticed a hornet
  7372 | D:7      | Paralysed by a hornet for 1 turns
  7493 | D:6      | HP: 1/33 [poisoned by a killer bee]
  7690 | D:6      | Found a broken altar of Ashenzari.
  7754 | D:6      | Reached skill level 10 in Summonings
  7914 | D:4      | Bought a potion of ambrosia for 104 gold pieces
  7914 | D:4      | Bought a scroll of teleportation for 39 gold pieces
  8055 | D:6      | Found a sparkling altar of Nemelex Xobeh.
  8500 | D:6      | Slain by a killer bee
  8501 | D:6      | Reached XP level 7. HP: -2/30 MP: 1/14
  9059 | D:7      | Reached XP level 8. HP: 20/33 MP: 15/15
  9303 | D:7      | Killed a hornet
  9365 | D:7      | Reached skill level 5 in Dodging
  9429 | D:7      | Identified the ring "Xaatag" {AC+4 Stlth+}
  9440 | D:7      | Found Fuem's Armour Shoppe.
  9512 | D:7      | Found Dotenew's Antique Weapon Shop.
  9551 | D:7      | Slain by a kobold brigand

Illustrated notes

Levels and vault maps discovered:
D:1:      sevenhm_arrival_forest_fort_large_4, layout_rooms
D:2:      layout_loops_ring, grunt_ministairs_5
D:3:      layout_basic, nicolae_nh_oracle_at_delphi
D:4:      layout_rooms, minmay_temple_entry_statues_pillars, serial_shops,
          kennysheep_mini_moat
D:5:      layout_rooms, nicolae_tso_swordbearing_angel, kennysheep_path_1,
          roderic_lattice_a, uniq_grinder
D:6:      layout_loops_ring, mainiacjoe_overflow_small_starburst,
          mainiacjoe_overflow_concentric_impassable
D:7:      layout_rooms, lemuel_round_altar, serial_shops, nicolae_square_shop,
          shop, shop_statue, kennysheep_diamond, minivault_4, uniq_pikel
Temple:   eino_temple_water

Skill      XL: |  1  2  3  4  5  6  7  8 |
---------------+-------------------------+-----
Summonings     | 5 6 8 10 | 10.6
Stealth        | 3 4 |  4.0
Fighting       | 1 2 |  2.0
Unarmed Combat | 1 2 |  2.0
Spellcasting   | 4 |  4.0
Invocations    | 3 4 |  4.0
Air Magic      | 2 1 |  2.0
Dodging        | 5 |  5.4

Action                     |  1- 3 |  4- 6 |  7- 9 || total
---------------------------+-------+-------+-------++-------
  Melee: Unarmed           |   107 |    62 |   109 ||   278
         Bite              |     9 |     7 |     9 ||    25
         Punch             |       |     1 |     6 ||     7
   Cast: Summon Small Mamm |    35 |    21 |     7 ||    63
         Call Canine Famil |     4 |    25 |    42 ||    71
         Call Imp          |     1 |    22 |    14 ||    37
         Summon Lightning  |       |       |     9 ||     9
 Invoke: Recall Undead Har |       |       |     3 ||     3
  Evoke: Wand              |       |     2 |     1 ||     3
    Use: Scroll            |       |     5 |    10 ||    15
         Potion            |       |     1 |     5 ||     6
   Stab: Sleeping          |     7 |     2 |     2 ||    11
         Distracted        |     2 |     1 |     3 ||     6
 Armour: Skin              |     8 |     1 |    10 ||    19
  Dodge: Dodged            |   155 |    75 |   168 ||   398

Table legend: (Time is in decaauts)
 A = Elapsed time spent in this place.
 B = Non-inter-level travel time spent in this place.
 C = Inter-level travel time spent in this place.
 D = Time resting spent in this place.
 E = Time spent auto-exploring this place.
 F = Levels seen in this place.
 G = Mean time per level.
                   A        B        C        D        E       F      G
               +--------+--------+--------+--------+--------+-----+--------+
         Total |   8444 |   8029 |    415 |   1933 |   3852 |   8 | 1055.5 |
       Dungeon |   8190 |   7807 |    383 |   1933 |   3698 |   7 | 1170.0 |
        Temple |    254 |    223 |     31 |      0 |    153 |   1 |  254.0 |
               +--------+--------+--------+--------+--------+-----+--------+

Top non-repeatable levels by time:
     D:6: 1893 daAuts
     D:4: 1403 daAuts
     D:5: 1364 daAuts
     D:7: 1232 daAuts
     D:2: 841 daAuts
     D:3: 772 daAuts
     D:1: 682 daAuts
  Temple: 254 daAuts
